Cogmind - Beta 11.1 @@@ ROGUE MODE // 2022.06.22 @ 01:00:25 Player: Jezoensis Result: Escaped! Performance ------------- Evolutions (9) 4500 Regions Visited (18) 3600 Robots Destroyed (113) 565 Value Destroyed (4399) 4399 Prototype IDs (36) 720 Alien Tech Used (0) 0 Bonus (6091) 6091 TOTAL SCORE: 19875 Bonus ------- High Alert Combat Kills 473 Follower Combat Kills 609 Entered DSFs 1000 Network Hubs Disabled 600 Aligned with FarCom 300 Met R17 at Cetus 500 Win 3000 Friendly Fire -391 Cogmind --------- Core Integrity 1600/1600 Matter 142/300 Energy 199/200 System Corruption 0% Temperature Cool (2) Movement Flying (42) Location To Epsilon Eridani Parts ------- > --- POWER (3) -------- Micro Fission Core Micro Fission Core > --- PROPULSION (7) --- Impulse Thruster Array Impulse Thruster Array > --- UTILITY (11) ----- Advanced Power Amplifier Enhanced Optical Array Long-range Terrain Scanner Advanced Terrain Scan Processor Advanced Melee Analysis Suite Microactuators Advanced Transmission Jammer Layered Light Armor Plating > --- WEAPON (4) ------- Matter Neutralizer > --- INVENTORY (5) ---- Light Quantum Reactor Enhanced Nova Cannon Heavy Hammer Peak State ------------ > --- POWER ------------ Quantum Reactor > --- PROPULSION ------- Centrium Heavy Treads Centrium Heavy Treads > --- UTILITY ---------- Huge Storage Unit Machine Analyzer Advanced Visual Processing Unit Advanced Terrain Scanner Advanced Terrain Scan Processor Advanced Targeting Computer Improved Transmission Jammer Centrium Medium Armor Plating > --- WEAPON ----------- Railgun Railgun Railgun Advanced KE Penetrator > --- INVENTORY -------- Centrium Heavy Treads Centrium Heavy Treads Advanced Heat Sink High-capacity Matter Pod Advanced Sensor Array Improved Signal Interpreter Advanced Targeting Computer Weapon Cycler Transmission Jammer Cloak of Protection Improved Focal Shield Improved Hacking Suite Improved System Shield High-powered Tractor Beam Advanced Plasma Cannon Railgun Advanced KE Penetrator Advanced KE Penetrator Advanced KE Penetrator Advanced KE Penetrator Advanced KE Penetrator Advanced KE Penetrator Long-range Missile Launcher [Rating: 123] Favorites ----------- Power Fission Core Engine Deuterium Engine Power Core Fission Core Reactor Quantum Reactor Propulsion Armored Wheel Treads Advanced Treads Wheel Armored Wheel Flight Unit Impulse Thruster Utility Advanced Targeting Computer Device Improved Terrain Scanner Storage Huge Storage Unit Processor Advanced Targeting Computer Hackware Improved System Shield Protection Improved Light Armor Plating Weapon Coil Gun Energy Gun Small Laser Energy Cannon Cooled Particle Cannon Ballistic Gun Coil Gun Ballistic Cannon Advanced Assault Cannon Launcher Long-range Missile Launcher Special Weapon Mining Laser Impact Weapon Powered Hammer Slashing Weapon Power Sword Build | -11 -10 -10 -10 -9 -8 -7 -7 -6 -5 -5 -5 -5 -5 -4 -3 -2 -2 -1 ------- Run | Scr Mat Min Exi Min Mat Fac DSF Fac Fac Ext Cet Arc Hub Fac Res Res DSF Acc Slots Evolved 18 | . . . . . 4 2 . 2 2 . . . . 2 2 2 . 2 Power 2 | . . . . . . . . . . . . . . . 1 1 . . Propulsion 5 | . . . . . 1 . . 1 . . . . . . 1 1 . 1 Utility 9 | . . . . . 2 2 . 1 1 . . . . 2 . . . 1 Weapon 2 | . . . . . 1 . . . 1 . . . . . . . . . Parts Attached 274 | 8 26 4 1 . 32 8 19 20 27 25 22 11 24 15 15 7 6 4 Power 17 | 1 2 1 . . 1 . 1 2 . . 1 1 . 1 2 3 1 . Engine 7 | 1 2 1 . . 1 . 1 1 . . . . . . . . . . Core 6 | . . . . . . . . 1 . . . . . 1 1 2 1 . Reactor 4 | . . . . . . . . . . . 1 1 . . 1 1 . . Propulsion 36 | 3 2 . 1 . 4 . 4 5 . 3 1 1 2 4 3 1 2 . Treads 14 | . . . . . 2 . 3 2 . 3 1 1 2 . . . . . Leg . | . . . . . . . . . . . . . . . . . . . Wheel 12 | 3 2 . 1 . 2 . 1 3 . . . . . . . . . . Hover . | . . . . . . . . . . . . . . . . . . . Flight 10 | . . . . . . . . . . . . . . 4 3 1 2 . Utility 132 | 2 16 2 . . 15 3 4 6 14 19 14 6 11 7 6 3 3 1 Device 95 | 1 14 2 . . 12 1 4 4 9 17 12 6 6 4 . 1 1 1 Storage 6 | 1 2 . . . . 1 . 2 . . . . . . . . . . Processor 16 | . . . . . 2 1 . . 2 . . . 2 2 6 1 . . Hackware 3 | . . . . . 1 . . . . . . . 2 . . . . . Protection 12 | . . . . . . . . . 3 2 2 . 1 1 . 1 2 . Artifact . | . . . . . . . . . . . . . . . . . . . Weapon 89 | 2 6 1 . . 12 5 10 7 13 3 6 3 11 3 4 . . 3 Energy Gun 12 | 2 4 1 . . 5 . . . . . . . . . . . . . Energy Cannon 15 | . . . . . . 3 5 . . . . . 3 1 1 . . 2 Ballistic Gun 40 | . 2 . . . 3 1 1 5 7 3 6 3 6 2 1 . . . Ballistic Cannon 2 | . . . . . . . . . 2 . . . . . . . . . Launcher 3 | . . . . . . . 1 . . . . . 2 . . . . . Special Weapon 3 | . . . . . 3 . . . . . . . . . . . . . Impact Weapon 13 | . . . . . 1 1 3 2 4 . . . . . 1 . . 1 Slashing Weapon 1 | . . . . . . . . . . . . . . . 1 . . . Piercing Weapon . | . . . . . . . . . . . . . . . . . . . Special Melee Weapon . | . . . . . . . . . . . . . . . . . . . Unidentified Prototypes 6 | . . . . . 1 1 . . . . 3 . . . 1 . . . Parts Lost 38 | . . 2 . . . . 7 . 1 2 1 1 17 . . . 6 1 Power 4 | . . 1 . . . . 1 . . . . 1 1 . . . . . Propulsion 12 | . . . . . . . 2 . . 2 . . 4 . . . 3 1 Utility 11 | . . . . . . . 2 . . . 1 . 6 . . . 2 . Weapon 11 | . . 1 . . . . 2 . 1 . . . 6 . . . 1 . Highest Loss Streak 17 | . . 2 . . . . 4 . 1 2 1 1 17 . . . 6 1 To Critical Strikes 1 | . . . . . . . 1 . . . . . . . . . . . Average Slot Usage (%) 92 | . 100 99 100 100 98 100 94 99 99 95 89 87 82 39 85 82 75 52 Engine 4 | . 14 14 14 14 9 7 7 5 . . . . . . . . . . Core 2 | . . . . . . . . . 5 5 1 . . 1 4 6 8 8 Treads 7 | . . . . . 7 7 7 13 5 13 12 10 10 . . . . . Wheel 11 | . 28 28 28 28 19 15 13 12 17 5 . . . . . . . . Flight 2 | . . . . . . . . . . . . . . 13 23 26 21 8 Device 13 | . 14 14 14 14 8 15 13 19 11 13 14 11 10 3 11 10 10 16 Storage 6 | . 14 14 14 14 9 7 7 6 5 5 5 5 5 . . . . . Processor 17 | . . . . . 16 23 23 20 23 23 23 23 20 10 24 19 15 12 Protection 1 | . . . . . . . . . 4 2 1 5 2 . 4 4 8 4 Energy Gun 3 | . 17 13 14 14 7 7 . . . . . . . . . . . . Ballistic Gun 15 | . 10 14 14 14 16 9 1 19 17 22 23 23 19 2 3 . . . Naked Turns . | . . . . . . . . . . . . . . . . . . . Heaviest Build 134 | 11 29 29 29 29 39 106 113 102 113 123 134 133 133 30 34 44 43 32 Greatest Support 160 | 20 22 22 22 22 34 24 24 90 38 128 150 160 160 28 36 44 44 39 Greatest Overweight (x) 9 | . 1 1 1 1 1 4 9 4 2 5 . . 1 1 . . 1 . Average Overweight (x) . | . . 1 1 1 . 1 4 2 2 1 . . . . . . . . Largest Inventory Capacity 25 | 8 15 15 15 15 15 25 25 25 25 25 25 25 25 5 5 5 5 5 Average Capacity 18 | 7 11 15 15 15 15 19 25 20 25 25 25 25 24 5 5 5 5 5 Most Carried 25 | 7 15 15 15 15 15 17 25 25 25 25 25 25 25 5 5 5 5 3 Average Carried 17 | 4 10 14 14 15 14 15 19 18 24 23 24 24 22 4 4 4 4 2 Final Capacity 25 | 8 15 15 15 15 15 25 25 25 25 25 25 25 5 5 5 5 5 5 Final Carried 25 | 7 15 15 15 15 15 17 22 25 25 25 25 25 5 5 5 5 3 3 Class Distribution -------------------- 28% | Scavenger-Skirmisher 20% | Mutant 11% | Commander-Skirmisher 9% | Skirmisher 6% | Scavenger-Mutant 5% | Scavenger-Assassin 5% | Ninja 3% | Assassin 3% | Scout Dominant Class ---------------- Mutant | -10/Materials Mutant | -10/Mines Mutant | -10/Exiles Skirmisher | -9/Mines Skirmisher | -8/Materials Skirmisher | -7/Factory Mutant | -7/DSF Scavenger-Skirmisher | -6/Factory Scavenger-Assassin | -5/Factory Commander-Skirmisher | -5/Extension Scavenger-Skirmisher | -5/Cetus Scavenger-Skirmisher | -5/Archives Scavenger-Skirmisher | -5/Hub_04(d) Mutant | -4/Factory Infiltrator-Ninja | -3/Research Ninja | -2/Research Sprinter | -2/DSF Scout | -1/Access Resources | -11 -10 -10 -10 -9 -8 -7 -7 -6 -5 -5 -5 -5 -5 -4 -3 -2 -2 -1 ----------- Run | Scr Mat Min Exi Min Mat Fac DSF Fac Fac Ext Cet Arc Hub Fac Res Res DSF Acc Matter Collected 5086 | 280 299 135 100 . 334 . 212 367 725 693 477 388 747 102 227 . . . Remotely 1535 | . . . . . . . 124 . 323 183 351 81 473 . . . . . Salvage Created 5570 | 77 489 37 . . 282 . 280 203 609 1037 543 506 1043 102 362 . . . Parts 271 | 10 32 3 . . 20 . 18 8 22 53 27 22 38 4 14 . . . Haulers Intercepted 4 | . 1 . . . . . . . . . . . 1 . 2 . . . Recyclers Shooed 5 | . 1 . . . . . . 1 2 . . . . . 1 . . . Parts Field Recycled . | . . . . . . . . . . . . . . . . . . . Retrieved Matter . | . . . . . . . . . . . . . . . . . . . Parts Self-Destructed . | . . . . . . . . . . . . . . . . . . . Prevented . | . . . . . . . . . . . . . . . . . . . Kills | -11 -10 -10 -10 -9 -8 -7 -7 -6 -5 -5 -5 -5 -5 -4 -3 -2 -2 -1 ------- Run | Scr Mat Min Exi Min Mat Fac DSF Fac Fac Ext Cet Arc Hub Fac Res Res DSF Acc Combat Hostiles Destroyed 65 | . 12 2 . . 4 . 6 . 2 16 9 4 10 . . . . . Melee 1 | . . . . . . . 1 . . . . . . . . . . . Guns 54 | . 12 2 . . 4 . . . 2 16 9 4 5 . . . . . Cannons 2 | . . . . . . . 2 . . . . . . . . . . . AOE 6 | . . . . . . . 3 . . . . . 3 . . . . . Classes Destroyed 17 | 1 5 . . . 4 . 2 . . 3 . 1 1 . . . . . Worker 5 | . . . . . 2 . . . . 1 . . 2 . . . . . Builder 9 | . 1 . . . . . . . 2 2 . . 3 . 1 . . . Tunneler 5 | 4 . . . . . . . 1 . . . . . . . . . . Hauler 4 | . 1 . . . . . . . . . . . 1 . 2 . . . Recycler 8 | . 1 . . . . . . 1 3 1 . . 1 1 . . . . Operator 7 | . . . . . . . . . . . . 4 1 . 2 . . . Watcher 8 | . . . . . 1 . . 1 . 1 . . 3 . 2 . . . Swarmer 20 | . 6 2 . . . . . . . 8 4 . . . . . . . Grunt 12 | . 6 . . . . . 3 . . 1 . . 2 . . . . . Protector 1 | . . . . . . . . . . . . . 1 . . . . . Sentry 14 | . . . . . 3 . . . 2 3 . 4 2 . . . . . Specialist 4 | . . . . . . . 2 . . . . . 2 . . . . . Hunter 2 | . . . . . 1 . . . . . . . 1 . . . . . Programmer 1 | . . . . . . . . . . 1 . . . . . . . . Heavy 2 | . . . . . . . 1 . . . . . 1 . . . . . Behemoth 2 | . . . . . . . . . . 2 . . . . . . . . Cetus Guard 5 | . . . . . . . . . . . 5 . . . . . . . Lightning 1 | . . . . . . . . . . . . . 1 . . . . . Thug 2 | . . . . . . . . . . 1 1 . . . . . . . Butcher 1 | . . . . . . . . . . 1 . . . . . . . . Best Kill Streak 18 | 2 6 2 . . 2 . 3 2 2 5 4 4 18 1 2 . . . Combat Bots Only 8 | . 6 2 . . 1 . 3 . 1 5 4 4 8 . . . . . Max Kills in Single Turn 10 | 1 1 1 . . 1 . 2 1 1 3 2 1 10 1 1 . . . Gunslinging 1 | . . . . . . . . . . . 1 . . . . . . . Exploded 2 | . . . . . . . 2 . . . . . 2 . . . . . Melee 1 | . . . . . . . 1 . . . . . . . . . . . Uniques/NPCs Destroyed . | . . . . . . . . . . . . . . . . . . . Combat | -11 -10 -10 -10 -9 -8 -7 -7 -6 -5 -5 -5 -5 -5 -4 -3 -2 -2 -1 -------- Run | Scr Mat Min Exi Min Mat Fac DSF Fac Fac Ext Cet Arc Hub Fac Res Res DSF Acc Damage Taken 9676 | . 364 115 . . 171 . 804 54 424 429 841 274 5103 . 48 . 960 89 Core 1131 | . 109 8 . . 20 . 62 . . 57 98 . 622 . 30 . 125 . Absorbed by Shields 40 | . . . . . 40 . . . . . . . . . . . . . Reduced by Siege Mode 391 | . . . . . . . . . . 5 106 7 273 . . . . . Core Remaining (%) 85 | 100 . . . 53 96 . 91 100 . . . . 22 100 97 . 91 100 Volleys Fired 242 | 14 50 7 . . 26 . 9 8 17 28 17 17 26 2 7 . . 14 Largest 4 | 2 2 2 . . 3 . 3 3 4 4 4 4 4 2 2 . . 1 Hottest 203 | 80 80 60 . . 100 . 180 75 100 123 128 140 203 105 105 . . 105 Shots Fired 641 | 28 98 12 . . 58 . 22 24 46 112 68 68 80 3 8 . . 14 Gun 572 | 28 98 12 . . 49 . 1 24 39 112 68 68 65 2 6 . . . Cannon 51 | . . . . . . . 19 . 7 . . . 8 1 2 . . 14 Launcher 9 | . . . . . . . 2 . . . . . 7 . . . . . Special 9 | . . . . . 9 . . . . . . . . . . . . . Kinetic 468 | . 37 7 . . 32 . 1 24 46 112 68 68 65 2 6 . . . Thermal 149 | 28 54 . . . 23 . 19 . . . . . 8 1 2 . . 14 Explosive 9 | . . . . . . . 2 . . . . . 7 . . . . . Electromagnetic 15 | . 7 5 . . 3 . . . . . . . . . . . . . Robot Hit Streak 27 | 4 20 8 . . 10 . 10 12 13 15 21 18 27 2 4 . . . Robot Miss Streak 4 | 2 4 4 . . 3 . 1 1 1 4 1 3 1 . 1 . . . Penetration Max 2 | . . . . . . . . . . 2 1 1 1 . 1 . . . Secondary Targets 11 | . 1 . . . . . . . 1 4 3 . 2 . . . . . Max Gunslinging Chain 1 | . 1 . . . . . . . 1 1 1 . 1 . . . . . Shots Hit Robots 446 | 14 70 6 . . 28 . 16 20 35 80 60 53 50 1 12 . . 1 Core Hits 224 | 4 29 3 . . 13 . 10 5 13 36 25 25 56 1 3 . . 1 Critical Kills 7 | . . . . . . . . . . . 2 1 2 1 1 . . . Critical Parts Destroyed 8 | . . . . . . . . . 2 . 1 2 2 . 1 . . . Critical Strikes 20 | . . . . . . . . . 3 . 5 4 5 1 2 . . . Destroy 18 | . . . . . . . . . 1 . 5 4 5 1 2 . . . Smash 2 | . . . . . . . . . 2 . . . . . . . . . Melee Attacks 63 | . . . . . 2 1 7 3 14 1 . . . . 13 7 6 9 Impact 51 | . . . . . 2 1 7 3 14 1 . . . . 6 3 5 9 Slashing 12 | . . . . . . . . . . . . . . . 7 4 1 . Piercing . | . . . . . . . . . . . . . . . . . . . Sneak Attacks 6 | . . . . . . . . . 3 1 . . . . 2 . . . Combat Hostiles . | . . . . . . . . . . . . . . . . . . . Follow-up Attacks . | . . . . . . . . . . . . . . . . . . . Damage Inflicted 13472 | 164 709 82 . . 437 . 749 383 895 2483 1900 1311 3676 25 633 . . 25 Guns 9147 | 164 709 82 . . 395 . . 321 588 2389 1900 1311 1104 25 159 . . . Cannons 403 | . . . . . . . 380 . 23 . . . . . . . . . Explosions 2836 | . . . . . . . 264 . . . . . 2572 . . . . . Melee 1056 | . . . . . 42 . 105 62 284 64 . . . . 474 . . 25 Ramming 30 | . . . . . . . . . . 30 . . . . . . . . Kinetic 8248 | . 227 47 . . 154 . . 321 611 2389 1900 1311 1104 25 159 . . . Thermal 1182 | 164 420 . . . 218 . 380 . . . . . . . . . . . Explosive 959 | . . . . . . . 264 . . . . . 695 . . . . . Electromagnetic 1997 | . 62 35 . . 23 . . . . . . . 1877 . . . . . Impact 830 | . . . . . 42 . 105 62 284 64 . . . . 248 . . 25 Slashing 226 | . . . . . . . . . . . . . . . 226 . . . Piercing . | . . . . . . . . . . . . . . . . . . . Highest Corruption 19 | . . . . . . 1 1 . . . . . 19 . . . 3 . Average Corruption 3 | . . . . . . 1 1 . . . . . 10 . . . 3 . Corruption Purged . | . . . . . . . . . . . . . . . . . . . Corruption Blocked . | . . . . . . . . . . . . . . . . . . . Effects 9 | . . . . . . . 4 . . . . . 5 . . . . . Message Errors 2 | . . . . . . . . . . . . . 2 . . . . . Matter Fused 4 | . . . . . . . 3 . . . . . 1 . . . . . Data Loss (minor) 2 | . . . . . . . . . . . . . 2 . . . . . Misfires 1 | . . . . . . . 1 . . . . . . . . . . . Overload Shots 2 | . . . . . . . 2 . . . . . . . . . . . Effects 1 | . . . . . . . 1 . . . . . . . . . . . Short Circuit 1 | . . . . . . . 1 . . . . . . . . . . . Overflow Damage 497 | . . . . . 20 . 22 40 163 44 . . 40 . 168 . . . Projectiles . | . . . . . . . . . . . . . . . . . . . Explosions 62 | . . . . . . . 22 . . . . . 40 . . . . . Melee 435 | . . . . . 20 . . 40 163 44 . . . . 168 . . . Knockbacks 4 | . . . . . . . . . 2 1 . . . . 1 . . . Impact 4 | . . . . . . . . . 2 1 . . . . 1 . . . Kinetic . | . . . . . . . . . . . . . . . . . . . Secondary . | . . . . . . . . . . . . . . . . . . . Self-Inflicted Damage 272 | . . . . . . . 100 . . . . . 172 . . . . . Shots 4 | . . . . . . . 2 . . . . . 2 . . . . . Rammed 1 | . . . . . . . . . . 1 . . . . . . . . Targets Rammed 1 | . . . . . . . . . . 1 . . . . . . . . Kicked . | . . . . . . . . . . . . . . . . . . . Crushed . | . . . . . . . . . . . . . . . . . . . Highest Temperature 461 | 90 26 23 . . 84 . 12 24 182 150 379 46 461 18 128 234 2 176 Average Temperature 84 | 35 11 21 . . 26 . 12 12 69 48 168 28 239 10 38 95 2 65 Received Heat Transfer 1019 | . 159 36 . . 35 . 72 . 72 66 36 36 507 . . . . . Effects 6 | . . . . . . . . . . . 2 . 4 . . . . . Energy Bleed 1 | . . . . . . . . . . . 1 . . . . . . . Matter Decay 3 | . . . . . . . . . . . . . 3 . . . . . Short Circuit 1 | . . . . . . . . . . . 1 . . . . . . . Damage (minor) 1 | . . . . . . . . . . . . . 1 . . . . . Siege Activations 9 | . . . . . . . . . . 3 1 4 1 . . . . . Total Turns 141 | . . . . . . . . . . 17 36 24 64 . . . . . Longest Duration 64 | . . . . . . . . . . 8 36 11 64 . . . . . Robots Corrupted 2 | . . . . . . . . . . . . . 2 . . . . . Combat Hostiles 2 | . . . . . . . . . . . . . 2 . . . . . Parts Fried 25 | . . . . . . . . 3 1 4 . . 12 . 5 . . . Impact Corruptions 17 | . . . . . 1 . . 1 7 2 . . . . 6 . . . Robots Melted . | . . . . . . . . . . . . . . . . . . . Combat Hostiles . | . . . . . . . . . . . . . . . . . . . Parts Melted 7 | . 2 . . . . . . . . 5 . . . . . . . . Heat Transferred 2202 | 375 950 . . . 407 . 470 . . . . . . . . . . . Parts Sabotaged . | . . . . . . . . . . . . . . . . . . . Parts Stolen . | . . . . . . . . . . . . . . . . . . . Parts Stripped . | . . . . . . . . . . . . . . . . . . . Power Chain Reactions . | . . . . . . . . . . . . . . . . . . . Missiles Intercepted . | . . . . . . . . . . . . . . . . . . . Alert | -11 -10 -10 -10 -9 -8 -7 -7 -6 -5 -5 -5 -5 -5 -4 -3 -2 -2 -1 ------- Run | Scr Mat Min Exi Min Mat Fac DSF Fac Fac Ext Cet Arc Hub Fac Res Res DSF Acc Peak Influence 1470 | 20 417 83 . . 139 64 141 331 144 441 483 366 1470 721 679 247 212 754 Initial 697 | . 13 63 . . . 63 44 68 81 55 246 193 128 697 378 232 185 91 Average 205 | 6 202 80 . . 69 63 73 195 87 92 368 304 502 706 471 240 181 466 Maximum Alert Level 4 | . 2 . . . . . . 1 . 2 2 1 4 3 2 1 1 3 Low Security (%) 68 | 100 60 100 . 100 100 100 100 58 100 95 . 11 67 . . . 97 14 Level 1 18 | . 34 . . . . . . 41 . 1 73 88 . . 22 100 2 25 Level 2 9 | . 4 . . . . . . . . 3 26 . . 50 77 . . 56 Level 3 1 | . . . . . . . . . . . . . . 49 . . . 3 Level 4 1 | . . . . . . . . . . . . . 31 . . . . . Level 5 . | . . . . . . . . . . . . . . . . . . . High Security . | . . . . . . . . . . . . . . . . . . . Max Security . | . . . . . . . . . . . . . . . . . . . Squads Dispatched 22 | . 3 1 . . 3 . 2 3 . 1 . . 4 . 1 . 1 3 Investigation 9 | . 1 1 . . 2 . . 2 . . . . . . . . . 3 Extermination . | . . . . . . . . . . . . . . . . . . . Reinforcement 11 | . 2 . . . 1 . 2 1 . 1 . . 2 . 1 . 1 . Assault 2 | . . . . . . . . . . . . . 2 . . . . . Garrison . | . . . . . . . . . . . . . . . . . . . Intercept . | . . . . . . . . . . . . . . . . . . . Searches Triggered . | . . . . . . . . . . . . . . . . . . . Construction Impeded 1 | . . . . . . . . . . 1 . . . . . . . . Haulers Reinforced . | . . . . . . . . . . . . . . . . . . . Active Scanning Responses . | . . . . . . . . . . . . . . . . . . . Cargo Convoy Interrupts . | . . . . . . . . . . . . . . . . . . . Stealth | -11 -10 -10 -10 -9 -8 -7 -7 -6 -5 -5 -5 -5 -5 -4 -3 -2 -2 -1 --------- Run | Scr Mat Min Exi Min Mat Fac DSF Fac Fac Ext Cet Arc Hub Fac Res Res DSF Acc Distress Signals 6 | . . . . . 1 . . . . 1 2 . 1 . 1 . . . Communications Jammed 27 | . . . . . . . . . 2 4 . . 4 . . . . 17 Distress Signals 25 | . . . . . . . . . 1 4 . . 3 . . . . 17 Times Spotted 165 | . 23 4 . . 10 . 7 4 3 23 14 12 32 1 15 1 4 12 Peak Tracking Total 16 | . 4 3 . . 2 . 3 2 1 3 5 1 16 1 7 1 4 6 Tactical Retreats 11 | . 2 . . . . . . . . 1 . . 4 . 2 . . 2 Traps | -11 -10 -10 -10 -9 -8 -7 -7 -6 -5 -5 -5 -5 -5 -4 -3 -2 -2 -1 ------- Run | Scr Mat Min Exi Min Mat Fac DSF Fac Fac Ext Cet Arc Hub Fac Res Res DSF Acc Traps Triggered 13 | . 1 . . . . 2 1 1 1 3 . . 1 . . 1 1 1 Indirectly 1 | . . . . . . . . . . . . . 1 . . . . . Trap Hack Attempts . | . . . . . . . . . . . . . . . . . . . Triggered . | . . . . . . . . . . . . . . . . . . . Disarmed . | . . . . . . . . . . . . . . . . . . . Reprogrammed . | . . . . . . . . . . . . . . . . . . . Reused . | . . . . . . . . . . . . . . . . . . . Traps Extracted . | . . . . . . . . . . . . . . . . . . . Installed . | . . . . . . . . . . . . . . . . . . . Triggered 1 | . . . . . 1 . . . . . . . . . . . . . Machines | -11 -10 -10 -10 -9 -8 -7 -7 -6 -5 -5 -5 -5 -5 -4 -3 -2 -2 -1 ---------- Run | Scr Mat Min Exi Min Mat Fac DSF Fac Fac Ext Cet Arc Hub Fac Res Res DSF Acc Machines Disabled 28 | . . . . . . . . . . 4 . 3 19 . 1 . . 1 Max in Single Turn 11 | . . . . . . . . . . 2 . 1 11 . 1 . . 1 Garrison Access 6 | . . . . . . . . 1 1 . . . 1 . 1 . . 2 Network Hub 3 | . . . . . . . . . . . . . 3 . . . . . Energy Cycler 1 | . . . . . . . . . . 1 . . . . . . . . Machines Sabotaged . | . . . . . . . . . . . . . . . . . . . Garrisons Compromised . | . . . . . . . . . . . . . . . . . . . Overloaded Fab Kills . | . . . . . . . . . . . . . . . . . . . Hacking | -11 -10 -10 -10 -9 -8 -7 -7 -6 -5 -5 -5 -5 -5 -4 -3 -2 -2 -1 --------- Run | Scr Mat Min Exi Min Mat Fac DSF Fac Fac Ext Cet Arc Hub Fac Res Res DSF Acc Machines Accessed 43 | . 7 1 1 . 3 1 . 4 4 6 . . 3 1 5 1 . 6 Terminals 32 | . 6 . . . 1 1 . 3 3 6 . . 2 1 4 1 . 4 Fabricators . | . . . . . . . . . . . . . . . . . . . Repair Stations . | . . . . . . . . . . . . . . . . . . . Recycling Units 2 | . 1 . . . 1 . . . . . . . . . . . . . Scanalyzers 1 | . . . . . 1 . . . . . . . . . . . . . Garrison Access 6 | . . . . . . . . 1 1 . . . 1 . 1 . . 2 Total Hacks 132 | . 25 1 1 . 7 1 . 9 9 17 . . 11 3 26 3 . 19 Successful 66 | . 10 1 1 . 6 1 . 4 7 10 . . 8 . 13 1 . 4 Failed 65 | . 14 . . . 1 . . 5 2 7 . . 3 3 13 2 . 15 Catastrophic 12 | . 3 . . . . . . . . 2 . . . 2 1 . . 4 Database Lockouts 1 | . 1 . . . . . . . . . . . . . . . . . Manual 80 | . 23 . 1 . 3 . . 5 4 12 . . 8 . 6 . . 18 Terminals 116 | . 24 . . . 2 1 . 8 8 17 . . 9 3 25 3 . 16 Fabricators . | . . . . . . . . . . . . . . . . . . . Repair Stations . | . . . . . . . . . . . . . . . . . . . Recycling Units 2 | . 1 . . . 1 . . . . . . . . . . . . . Scanalyzers 4 | . . . . . 4 . . . . . . . . . . . . . Garrison Access 8 | . . . . . . . . 1 1 . . . 2 . 1 . . 3 Terminal Hacks 36 | . 5 1 1 . . 1 . 2 5 6 . . 4 . 9 1 . 1 Part Schematic 1 | . . . . . . . . . 1 . . . . . . . . . Robot Analysis 1 | . 1 . . . . . . . . . . . . . . . . . Prototype ID Bank 3 | . 1 . . . . . . . . 1 . . . . 1 . . . Open Door 4 | . . 1 . . . . . . 1 1 . . . . . . . 1 Open DSF 2 | . . . . . . 1 . . . . . . . . . 1 . . Level Access Points 3 | . . . . . . . . 1 . . . . 1 . 1 . . . Branch Access Points 2 | . . . . . . . . 1 1 . . . . . . . . . Terminal Index 5 | . 1 . . . . . . . 1 1 . . 1 . 1 . . . Alert Level 2 | . . . . . . . . . . . . . 1 . 1 . . . Unreport Threat 6 | . 1 . . . . . . . . 2 . . 1 . 2 . . . Locate Traps 4 | . 1 . . . . . . . 1 1 . . . . 1 . . . Registered Components 1 | . . . . . . . . . . . . . . . 1 . . . Zone Layout 1 | . . . . . . . . . . . . . . . 1 . . . EX-Prototype ID Bank 1 | . . . 1 . . . . . . . . . . . . . . . Fabricator Hacks . | . . . . . . . . . . . . . . . . . . . Repair Station Hacks . | . . . . . . . . . . . . . . . . . . . Recycling Unit Hacks . | . . . . . . . . . . . . . . . . . . . Scanalyzer 4 | . . . . . 4 . . . . . . . . . . . . . Insert Component 2 | . . . . . 2 . . . . . . . . . . . . . Analyze 2 | . . . . . 2 . . . . . . . . . . . . . Garrison Access Hacks 2 | . . . . . . . . . 1 . . . . . 1 . . . Seal Access 2 | . . . . . . . . . 1 . . . . . 1 . . . Unauthorized Hacks 24 | . 5 . . . 2 . . 2 1 4 . . 4 . 3 . . 3 Terminals 19 | . 4 . . . 1 . . 1 1 4 . . 4 . 3 . . 1 Track 2 | . . . . . . . . . . . . . 2 . . . . . Assimilate 3 | . 1 . . . 1 . . . . . . . . . 1 . . . Botnet 11 | . 2 . . . . . . 1 1 3 . . 1 . 2 . . 1 Operators 3 | . 1 . . . . . . . . 1 . . 1 . . . . . Fabricators . | . . . . . . . . . . . . . . . . . . . Repair Stations . | . . . . . . . . . . . . . . . . . . . Recycling Units 2 | . 1 . . . 1 . . . . . . . . . . . . . Tunnel 2 | . 1 . . . 1 . . . . . . . . . . . . . Scanalyzers . | . . . . . . . . . . . . . . . . . . . Garrison Access 3 | . . . . . . . . 1 . . . . . . . . . 2 Jam 3 | . . . . . . . . 1 . . . . . . . . . 2 Data Cores Recovered 2 | . . . . . . . . . . . . . . . 2 . . . Used 1 | . . . . . . . . . . . . . . . 1 . . . Hacking Detections 30 | . 6 . . . 2 . . 3 2 5 . . 3 1 3 . . 5 Full Trace Events 2 | . . . . . . . . 1 . . . . . . . . . 1 Feedback Events . | . . . . . . . . . . . . . . . . . . . Feedback Blocked . | . . . . . . . . . . . . . . . . . . . Robot Schematics Acquired . | . . . . . . . . . . . . . . . . . . . Robots Built . | . . . . . . . . . . . . . . . . . . . Authchips . | . . . . . . . . . . . . . . . . . . . Time . | . . . . . . . . . . . . . . . . . . . Total Robot Build Rating . | . . . . . . . . . . . . . . . . . . . Part Schematics Acquired 3 | . . . . . 2 . . . 1 . . . . . . . . . Parts Built . | . . . . . . . . . . . . . . . . . . . Authchips . | . . . . . . . . . . . . . . . . . . . Time . | . . . . . . . . . . . . . . . . . . . Total Part Build Rating . | . . . . . . . . . . . . . . . . . . . Parts Repaired . | . . . . . . . . . . . . . . . . . . . Time . | . . . . . . . . . . . . . . . . . . . Parts Recycled . | . . . . . . . . . . . . . . . . . . . Recycled Matter . | . . . . . . . . . . . . . . . . . . . Retrieved Matter . | . . . . . . . . . . . . . . . . . . . Retrieved Components . | . . . . . . . . . . . . . . . . . . . Parts Scanalyzed 2 | . . . . . 2 . . . . . . . . . . . . . Part Schematics Acquired 2 | . . . . . 2 . . . . . . . . . . . . . Parts Damaged . | . . . . . . . . . . . . . . . . . . . Bothacking | -11 -10 -10 -10 -9 -8 -7 -7 -6 -5 -5 -5 -5 -5 -4 -3 -2 -2 -1 ------------ Run | Scr Mat Min Exi Min Mat Fac DSF Fac Fac Ext Cet Arc Hub Fac Res Res DSF Acc Used RIF Installer . | . . . . . . . . . . . . . . . . . . . Robots Hacked . | . . . . . . . . . . . . . . . . . . . Non-combat . | . . . . . . . . . . . . . . . . . . . Combat . | . . . . . . . . . . . . . . . . . . . Robot Hacks Applied . | . . . . . . . . . . . . . . . . . . . Relay Couplers Released 1 | . . . . . . . . . . . . . 1 . . . . . Machine Destruction 1 | . . . . . . . . . . . . . 1 . . . . . Fabnet Peak Effective % . | . . . . . . . . . . . . . . . . . . . Robots Rewired 13 | . . . . . . . . . . 13 . . . . . . . . Allies Hacked 1 | . . . . . . . . . . 1 . . . . . . . . Hacks Repelled . | . . . . . . . . . . . . . . . . . . . Allies | -11 -10 -10 -10 -9 -8 -7 -7 -6 -5 -5 -5 -5 -5 -4 -3 -2 -2 -1 -------- Run | Scr Mat Min Exi Min Mat Fac DSF Fac Fac Ext Cet Arc Hub Fac Res Res DSF Acc Total Allies 22 | . 1 . . . . . . . 3 18 . . . . . . . . Largest Group 11 | . 1 1 1 1 1 . . . 3 11 8 . . . . . . . Highest-Rated Group 305 | . 10 10 10 10 10 . . . 93 305 218 . . . . . . . Highest-Rated Ally 39 | . 10 10 10 10 10 . . . 31 39 39 . . . . . . . Total Orders 2 | . . . . . 1 . . . . . 1 . . . . . . . STAY 2 | . . . . . 1 . . . . . 1 . . . . . . . Ally Attacks 136 | . . . . . . . . . . 110 26 . . . . . . . Total Damage 2629 | . . . . . . . . . . 2113 516 . . . . . . . Kills 14 | . . . . . . . . . . 9 5 . . . . . . . Allies Corrupted . | . . . . . . . . . . . . . . . . . . . Allies Melted . | . . . . . . . . . . . . . . . . . . . Intel | -11 -10 -10 -10 -9 -8 -7 -7 -6 -5 -5 -5 -5 -5 -4 -3 -2 -2 -1 ------- Run | Scr Mat Min Exi Min Mat Fac DSF Fac Fac Ext Cet Arc Hub Fac Res Res DSF Acc Robot Analysis Total 1 | . 1 . . . . . . . . . . . . . . . . . Derelict Logs Recovered 1 | . . 1 . . . . . . . . . . . . . . . . Drone Launches . | . . . . . . . . . . . . . . . . . . . Drone Recoveries . | . . . . . . . . . . . . . . . . . . . Exploration | -11 -10 -10 -10 -9 -8 -7 -7 -6 -5 -5 -5 -5 -5 -4 -3 -2 -2 -1 ------------- Run | Scr Mat Min Exi Min Mat Fac DSF Fac Fac Ext Cet Arc Hub Fac Res Res DSF Acc Turns Passed 6582 | 120 615 191 242 23 611 145 245 608 653 1305 333 242 371 170 298 103 44 263 Spaces Moved 5353 | 79 475 164 240 24 448 104 101 410 436 678 141 91 154 329 745 238 73 423 Core 196 | 16 . . . . . . . . . . . . 4 176 . . . . Treads 799 | . . . . . . . . 6 . 411 141 91 150 . . . . . Legs . | . . . . . . . . . . . . . . . . . . . Wheels 2726 | 63 475 164 240 24 448 104 101 404 436 267 . . . . . . . . Hover . | . . . . . . . . . . . . . . . . . . . Flight 1632 | . . . . . . . . . . . . . . 153 745 238 73 423 Fastest Speed 23 | 50 80 100 100 100 86 105 135 120 120 120 160 160 50 31 26 23 23 37 Average Speed 91 | 73 86 100 100 100 100 119 154 127 120 146 160 160 165 41 28 23 28 40 Slowest Speed 240 | 80 100 100 100 100 105 150 225 156 120 160 160 160 240 111 29 23 112 42 Overloaded Moves . | . . . . . . . . . . . . . . . . . . . Propulsion Burnouts . | . . . . . . . . . . . . . . . . . . . Robots Hopped 12 | . . . . . . . . . . . . . . . 8 1 . 3 Cave-ins Triggered . | . . . . . . . . . . . . . . . . . . . Exploration Rate (%) 40 | 4 80 39 64 15 38 4 59 18 15 86 70 78 41 10 29 11 93 18 Regions Visited 18 Branch Regions 7 Pre-discovered Areas 3 | . 1 1 . . 1 . . . . . . . . . . . . . Known Exits Taken 7 | . . . . . . 1 . 1 1 . . . 1 1 1 1 . . Unknown Exits Taken 9 | 1 1 1 1 1 1 . . . . 1 1 1 . . . . . . Scrap Searched 1 | . . 1 . . . . . . . . . . . . . . . . Spaces Dug 388 | . . . . . 10 1 1 2 14 . . . 330 1 5 5 4 15 Terrain Destroyed 640 | . . . . . 10 1 19 2 14 9 8 5 541 2 5 5 4 15 Melee 33 | . . . . . 1 1 1 2 11 . . . . . 4 5 4 4 Projectile 76 | . . . . . 9 . . . 3 8 8 5 29 2 1 . . 11 AOE 530 | . . . . . . . 18 . . . . . 512 . . . . . Terrain Rammed . | . . . . . . . . . . . . . . . . . . . Walls Destroyed . | . . . . . . . . . . . . . . . . . . . Machines Disabled . | . . . . . . . . . . . . . . . . . . . Actions | -11 -10 -10 -10 -9 -8 -7 -7 -6 -5 -5 -5 -5 -5 -4 -3 -2 -2 -1 --------- Run | Scr Mat Min Exi Min Mat Fac DSF Fac Fac Ext Cet Arc Hub Fac Res Res DSF Acc Total 6469 | 109 587 180 242 23 541 124 158 480 516 922 216 152 214 359 798 276 86 486 Wait 111 | . 6 . . . . . 4 3 3 9 5 26 3 . 8 7 . 37 Move 5312 | 78 474 163 239 23 447 103 100 409 435 677 140 90 153 328 730 235 72 416 Hop 10 | . . . . . . . . . . . . . . . 6 1 . 3 Pick Up 133 | 9 15 4 1 . 16 6 13 19 9 8 12 3 4 8 4 1 . 1 Fast Attach 50 | 5 3 . . . 3 . 2 3 . 1 3 3 2 9 10 3 3 . Attach 73 | 2 2 2 1 . 7 2 8 8 4 4 5 2 10 6 4 2 2 2 Detach 26 | . . . . . 2 . 1 3 . 1 2 1 . 2 8 5 . 1 Swap 151 | 1 21 2 . . 22 6 9 9 23 20 14 6 12 . 1 2 1 2 Drop 121 | . 16 2 1 . 16 2 5 15 11 9 18 4 4 4 8 2 3 1 Fire 242 | 14 50 7 . . 26 . 9 8 17 28 17 17 26 2 7 . . 14 Melee 59 | . . . . . 2 1 7 3 14 1 . . . . 12 5 5 9 Ram . | . . . . . . . . . . . . . . . . . . . Kick . | . . . . . . . . . . . . . . . . . . . Crush 1 | . . . . . . . . . . 1 . . . . . . . . Escape Stasis 21 | . . . . . . 4 . . . 4 . . . . . 13 . . Rewire 159 | . . . . . . . . . . 159 . . . . . . . . Trap . | . . . . . . . . . . . . . . . . . . . Miscellaneous . | . . . . . . . . . . . . . . . . . . . Route ------- -11/Scrapyard -10/Materials (discovered 3 exits: [*Mat x2] / *Min) -10/Mines -10/Exiles -9/Mines -8/Materials (discovered 2 exits: *Fac / [*Sto]) -7/Factory -7/DSF -6/Factory (discovered 6 exits: *Fac x4 / Low x2) -5/Factory (discovered 5 exits: *Fac / Upp x2 / *Ext x2) -5/Extension (discovered 3 exits: *Fac x2 / *Cet) -5/Cetus (discovered 2 exits: *Fac / [*Arc]) -5/Archives (discovered 3 exits: *Fac / *Hub x2) -5/Hub_04(d) (discovered 4 exits: *Fac x4) -4/Factory -3/Research (discovered 3 exits: *Res x3) -2/Research -2/DSF -1/Access To Epsilon Eridani History --------- Turn | Location | Event 2 | -11/Scrapyard | Met Revision 17 19 | -11/Scrapyard | Discovered new exit (range 15) 121 | -11/Scrapyard | Entered Materials 302 | -10/Materials | Build established: Mutant 409 | -10/Materials | Discovered new exit (range 10) 457 | -10/Materials | Central database locked down 649 | -10/Materials | Discovered new exit (range 8) 705 | -10/Materials | Discovered new exit (range 5) 736 | -10/Materials | Entered Mines 736 | -10/Mines | Accompanied by 1 ally 768 | -10/Mines | Met a Derelict bent on vengeance 797 | -10/Mines | Learned location of Storage (-8) 823 | -10/Mines | Met a Derelict shopkeep closing up shop 923 | -10/Mines | Deemed a non-threat by the Exiles lab entrance 923 | -10/Mines | Discovered new exit (range 5) 927 | -10/Mines | Entered Exiles 927 | -10/Exiles | Accompanied by 1 ally 952 | -10/Exiles | Met 8R-AWN 968 | -10/Exiles | Met EX-HEX 1029 | -10/Exiles | Met EX-BIN 1040 | -10/Exiles | Aligned with FarCom system 1041 | -10/Exiles | Given EX-Vault access code 1064 | -10/Exiles | Opened EX-Vault 1072 | -10/Exiles | Found Cloak of Protection 1094 | -10/Exiles | Warned to stay clear of 0b10 Research branches 1123 | -10/Exiles | Met EX-DEC 1161 | -10/Exiles | Discovered new exit (range 10) 1169 | -10/Exiles | Left Exiles lab with Cloak of Protection 1169 | -10/Exiles | Entered Mines 1169 | -9/Mines | Accompanied by 1 ally 1181 | -9/Mines | Discovered new exit (range 12) 1192 | -9/Mines | Entered Materials 1192 | -8/Materials | Accompanied by 1 ally 1192 | -8/Materials | Evolved 4 slots: Propulsion x1, Utility x2, Weapon x1 1203 | -8/Materials | Discovered new exit (range 5) 1769 | -8/Materials | Discovered new exit (range 16) 1803 | -8/Materials | Entered Factory 1803 | -7/Factory | Evolved 2 slots: Utility x2 1943 | -7/Factory | Identified exit to DSF 1948 | -7/Factory | Entered DSF 1971 | -7/DSF | Discovered new exit (range 20) 1992 | -7/DSF | Additional patrols routed to DSF 2193 | -7/DSF | Entered Factory 2193 | -6/Factory | Evolved 2 slots: Propulsion x1, Utility x1 2219 | -6/Factory | Lost 4 parts (1p2n1w) 2653 | -6/Factory | Identified exit to Lower Caves 2653 | -6/Factory | Identified exit to Factory 2712 | -6/Factory | Build established: Scavenger-Skirmisher 2801 | -6/Factory | Entered another Factory area 2801 | -5/Factory | Evolved 2 slots: Utility x1, Weapon x1 3063 | -5/Factory | Spotted B-75 Beast 3065 | -5/Factory | Identified exit to Upper Caves 3065 | -5/Factory | Identified exit to Extension 3067 | -5/Factory | Discovered new exit (range 14) 3090 | -5/Factory | Build established: Scavenger-Assassin 3436 | -5/Factory | Allied Derelicts emerged from ambush trap array 3454 | -5/Factory | Entered Extension 3454 | -5/Extension | Accompanied by 3 allies 3779 | -5/Extension | Rescued a captive Derelict 3840 | -5/Extension | Build established: Scavenger-Skirmisher 3863 | -5/Extension | Energy Cycler disabled 3864 | -5/Extension | Rescued a captive Derelict 3864 | -5/Extension | Rescued a captive Derelict 3865 | -5/Extension | Rescued a captive Derelict 3866 | -5/Extension | Rescued a captive Derelict 3866 | -5/Extension | Rescued a captive Derelict 3867 | -5/Extension | Rescued a captive Derelict 3870 | -5/Extension | Rescued a captive Derelict 3872 | -5/Extension | Rescued a captive Derelict 4191 | -5/Extension | Spotted B-75 Beast 4204 | -5/Extension | Destroyed B-75 Beast 4219 | -5/Extension | Discovered new exit (range 19) 4220 | -5/Extension | Spotted B-75 Beast 4249 | -5/Extension | Destroyed B-75 Beast 4294 | -5/Extension | Extracted ID and sensor layout for unrecognized location from A7's data core 4589 | -5/Extension | Build established: Commander-Skirmisher 4695 | -5/Extension | Discovered new exit (range 10) 4697 | -5/Extension | Discovered new exit (range 6) 4712 | -5/Extension | Disrupted transfer network 4759 | -5/Extension | Entered Cetus 4759 | -5/Cetus | Accompanied by 8 allies 4777 | -5/Cetus | Spotted Cetus Guard 4782 | -5/Cetus | Spotted Cetus Guard 4783 | -5/Cetus | Spotted Cetus Guard 4787 | -5/Cetus | Spotted Cetus Guard 4789 | -5/Cetus | Destroyed Cetus Guard 4792 | -5/Cetus | Destroyed Cetus Guard 4794 | -5/Cetus | Allies destroyed Cetus Guard 4800 | -5/Cetus | Allies destroyed Cetus Guard 4899 | -5/Cetus | Discovered new exit (range 20) 4933 | -5/Cetus | Spotted Cetus Guard 4934 | -5/Cetus | Spotted Cetus Guard 4936 | -5/Cetus | Spotted Cetus Guard 4942 | -5/Cetus | Spotted Cetus Guard 4953 | -5/Cetus | Allies destroyed Cetus Guard 4959 | -5/Cetus | Destroyed Cetus Guard 4966 | -5/Cetus | Destroyed Cetus Guard 4973 | -5/Cetus | Destroyed Cetus Guard 4984 | -5/Cetus | Discovered new exit (range 19) 5019 | -5/Cetus | Met Revision 17 5092 | -5/Cetus | Entered Archives 5186 | -5/Archives | Discovered new exit (range 20) 5208 | -5/Archives | Discovered new exit (range 20) 5227 | -5/Archives | Discovered new exit (range 20) 5260 | -5/Archives | Build established: Scavenger-Skirmisher 5334 | -5/Archives | Entered Hub_04(d) 5434 | -5/Hub_04(d) | Identified exit to Factory 5585 | -5/Hub_04(d) | Network Hub disabled 5588 | -5/Hub_04(d) | Network Hub disabled 5588 | -5/Hub_04(d) | Network Hub disabled 5592 | -5/Hub_04(d) | Spotted Lightning 5595 | -5/Hub_04(d) | Spotted Lightning 5613 | -5/Hub_04(d) | Destroyed Lightning 5619 | -5/Hub_04(d) | Spotted Lightning 5634 | -5/Hub_04(d) | First assault squad dispatched 5640 | -5/Hub_04(d) | Destroyed 8 combat bots 5641 | -5/Hub_04(d) | Spotted Lightning 5645 | -5/Hub_04(d) | Spotted Lightning 5645 | -5/Hub_04(d) | Spotted Lightning 5651 | -5/Hub_04(d) | System corruption reached 10% 5694 | -5/Hub_04(d) | Core integrity fell below 50% 5700 | -5/Hub_04(d) | Released all parts (6) 5705 | -5/Hub_04(d) | Entered Factory 5705 | -4/Factory | Evolved 2 slots: Utility x2 5730 | -4/Factory | Lost 17 parts (1p4n6u6w) 5818 | -4/Factory | Discovered new exit (range 14) 5822 | -4/Factory | Identified exit to Research 5875 | -4/Factory | Entered Research 5875 | -3/Research | Evolved 2 slots: Power x1, Propulsion x1 6154 | -3/Research | Identified exit to Research 6173 | -3/Research | Entered another Research area 6173 | -2/Research | Evolved 2 slots: Power x1, Propulsion x1 6206 | -2/Research | Spotted B-90 Cyclops 6276 | -2/Research | Identified exit to DSF 6276 | -2/Research | Entered DSF 6291 | -2/DSF | Additional patrols routed to DSF 6305 | -2/DSF | Discovered new exit (range 18) 6320 | -2/DSF | Entered Access 6320 | -1/Access | Evolved 2 slots: Propulsion x1, Utility x1 6345 | -1/Access | Lost 6 parts (3n2u1w) 6476 | -1/Access | Discovered new exit (range 23) 6583 | *** | Escaped! Last Messages --------------- 06470_ Terminal disabled. 06476_ EXIT=FOUND 06488_ W-44 Eye distress signal jammed. 06510_ O-32 Director distress signal jammed. 06510_ O-32 Director: "IFF HANDSHAKE FAILED. SECURING TERMINAL." 06510_ O-32 Director distress signal jammed. 06511_ Connecting with Terminal... 06511_ ALERT: Suspicious activity at Terminal A010. Dispatching Investigation squad. 06571_ W-44 Eye distress signal jammed. 06571_ Slug penetrates Wall. 06571_ Penetrated by Slug. 06571_ Slug penetrates Wall. 06572_ W-44 Eye distress signal jammed. 06579_ Connecting with Terminal... >>Open(Door) Sealed Barrier opened. 06579_ W-44 Eye distress signal jammed. 06581_ The Access Shell folds into the floor. 06581_ W-44 Eye distress signal jammed. Map ----- +----------------------------------------------------+ | # ?"?? # # ######## ###?#####? | | # ?? ? # + #######" ########## | | # ? ??# # # # #####?###? | | #?######?## # # # ##?#####?# | | ##?###?#### # # # #########? | | #################"###### # # ########## | | ## #######"####### # # ###?##?### | | ## # ######## # # ##?###?### | | ## "" # ######## + "##########?##### | | ##""" " + ###### # h########?##?####? | | ##"T # # ###### # #####?#?##?###?## | | ##""" # # ###### #######"###############? | | ## " # + w ######?### | | ## # # w #?####??## | | ## # ###################### #####?##?# | | ## # ######?#####?######### #########? | | ## # #?#######?############ ########## | | ## # ###################### ####?####? | | ## ##########?################?#h ####?#?### | | / #?#?#######??####?###########h ########## | | ## ####?################ ####### ###?###### | | ## = # ?? """" ##?###??#? | | ## # BB "?"" w##?###??## | | ######+### BB """" #?######## | | ??? ? ? "?"" #?##?##### | | ?? ???? ? ?""" "@ ###??#?### | | ?? ?? ? ??"" "" ##??###### | | ?? ? ?"?" ##?#??##?# | | #########??? BB??""" #??####?#? | | #? ??? ? #? BB??""" """ """ ##?###??## | | #?? ???# ?????"""" """T""" #?##?#???? | | + ???"???#??##?##?############ ####### #?#???#??? | | #??"??" ???#???#???###???##??#####?### w#???##??#? | | #? ???" ?##??#?#?#??###??##???#####?# #??????#?? | | #??"""????#??##?#??##?#??#???#?????##? # ??? ??? | | # ??"??????????#?????#??#???##??####?? #???? ?? | | #?????" ?#???#???#???????????????#???# +???????? | | #???"? ??#??????##??#??????????##????? #????? ? ? | | #????? ??????????????? ???? ? ???? ??# #????? ??? | | #??????????????????? ? ???????? ????? # ?? ????? | | #?? ???????#??#??? ?????????????????# #????????? | | ?? ???????#???????????? #??????? ? ? ? ????? ??? | | ? ????????????????? ????????"?"""???#? ?????????? | | ??????????????????? ??? ???????"???? ????????????? | | ???????????????????????????????? ?? ??? ?????????? | | ??????????????????????????? ??????? ?????? ??????? | | ???????????????????? ? ?????????? ????????????#?? | | ?????????????????????#???????????????????????????? | | ?????????????????????? ?????? ?????? ????????????? | | ?????????????????????????????????????????????????? | +----------------------------------------------------+ Best States ------------- Heat Dissipation 59 Energy Generation 35 Energy Capacity 350 Matter Stores 300 Matter Capacity 300 Sight Range 22 Terrain Scan Range 24 Terrain Scan Density 210 Jamming Range 16 Cloak Strength 5 Power Amplification 30 Corruption Containment 12 Armor Coverage 825 Resistance: KI 25 Weapon Cycling 15 Melee Speed Boost 20 Evasion (%) 65 Targeting Accuracy 16 Melee Accuracy 32 Recoil Reduction 4 Kinecelleration 40 Offensive Hacking 12 Defensive Hacking 12 Item Schematics ----------------- Transmission Jammer | -8/Materials | Scanalyzed Huge Storage Unit | -8/Materials | Scanalyzed Adv. Terrain Scan Processor | -5/Factory | Hacked Robot Schematics ------------------ None Fabricated ------------ Nothing Alien Tech Used ----------------- None Achievements -------------- None Challenges ------------ None Game ------ Seed CatalystGravitySegregator Manual? 0 Play Time 02:20:23 Cumulative 698.3 hours Start 2022.06.21 @ 01:10:43 End 2022.06.22 @ 01:00:25 Sessions 9 Manual Loads 0 Difficulty Rogue Special Mode None Game No. 363 Rogue 236 Adventurer 125 Explorer 2 Win Type 0 Total 80 Types 69/4/4/1/1/0/0/0/1 Lore% 81 Gallery% 88 Achievement% 75 Wizard Run 0 Options --------- ASCII 0 Keyboard 1 Movement Numpad Keybinds 0 Fullscreen 1 Font 36/TerminusFine Map View 76x50 Tactical HUD 1 Map Filters NONE Filters NONE Steam 1 RUN: 1bc6ab0b-0fe4-4177-9bda-a205f02173ab